 Dungeon Crawl Stone Soup version 0.20.1-1-g8b1a95d (webtiles) character file.

211 Salad the Skirmisher (level 5, 0/49 HPs)
             Began as a Demigod Fighter on July 10, 2017.
             Incinerated by appiemonkey's ghost (8 damage)
             ... with a sticky flame
             ... on level 4 of the Dungeon.
             The game lasted 00:07:29 (3216 turns).

Salad the Skirmisher (Demigod Fighter)              Turns: 3216, Time: 00:07:30

Health: 0/49       AC: 10    Str: 19    XL:     5   Next: 31%
Magic:  16/16      EV:  8    Int: 17    God:
Gold:   201        SH:  9    Dex: 17    Spells: 4/4 levels left

rFire    . . .     SeeInvis .   p - +3 hand axe (drain)
rCold    + . .     Gourm    .   c - +0 shield
rNeg     . . .     Faith    .   m - +0 scale mail
rPois    .         Spirit   .   i - +0 helmet
rElec    .         Reflect  .   (no cloak)
rCorr    .         Harm     .   y - +0 pair of gloves
MR       .....                  (no boots)
Stlth    ..........             (no amulet)
Regen    0.2/turn               q - ring of protection from cold
MPRegen  0.2/turn               w - ring of magical power

@: brilliant, liquid flames, glowing, drained
A: repulsion field 1, yellow scales 1, high mp 1, wild magic 1
a: no special abilities


You were on level 4 of the Dungeon.
You were not hungry.

You visited 1 branch of the dungeon, and saw 4 of its levels.

You collected 201 gold pieces.

Inventory:

Hand Weapons
 p - a +3 hand axe of draining (weapon)
Armour
 c - a +0 shield (worn)
 i - a +0 helmet (worn)
 m - a +0 scale mail (worn)
 y - a +0 pair of gloves (worn)
Jewellery
 q - a ring of protection from cold (left hand)
 w - a ring of magical power (right hand)
Scrolls
 j - a scroll of remove curse
 o - a scroll of recharging
 t - a scroll of noise
 v - 2 scrolls of random uselessness
Potions
 d - a potion of might
Comestibles
 b - 6 chunks of flesh
 f - 3 bread rations
 l - a meat ration


   Skills:
 * Level 5.6(4.8) Fighting
   Level 2.0(1.2) Long Blades
 - Level 2.8(2.0) Armour
 - Level 2.8(2.0) Shields


You had 4 spell levels left.
You didn't know any spells.

Dungeon Overview and Level Annotations

Branches:
Dungeon (4/15)
 Temple: D:4-7

Annotations:
D:4 appiemonkey's ghost, novice DEFE


Innate Abilities, Weirdness & Mutations

You have an increased reservoir of magic. (+10% MP)
You are surrounded by a mild repulsion field. (EV +2)
You are partially covered in yellow scales. (AC +2)
Your spells are a little harder to cast, but a little more powerful.


Message History

You closely miss appiemonkey's ghost.
You are covered in liquid flames!
Appiemonkey's ghost sprays you with burning goo.
The sticky flame hits you!
You are covered in liquid flames!
Appiemonkey's ghost hits you but does no damage.
You hit appiemonkey's ghost.
Appiemonkey's ghost is lightly damaged.
You are covered in liquid flames!
Appiemonkey's ghost gestures at you while chanting.
The flame tongue hits you!
* * * LOW HITPOINT WARNING * * *
You are too injured to fight recklessly!
You are too injured to fight recklessly!
You are covered in liquid flames!
* * * LOW HITPOINT WARNING * * *
There is a stone staircase leading down here.
You can't go up here!
You are covered in liquid flames!
You die...

### #.. ###.#
#...### ......
#.#.. #.#.# #@#.##
#Ww#.## # #.###.##
##..###.#.## ...#
#...#.#
####.###.#.##
######.###.########
.......<#..........
########...########


You could see appiemonkey's ghost and a dart slug.

Vanquished Creatures
  A hound (D:3)
  Terence (D:2)
  4 gnolls (D:2)
  4 adders
  2 oozes
  An adder skeleton (D:3)
  A worm (D:2)
  A dart slug (D:1)
  A leopard gecko (D:2)
  7 bats
  3 giant cockroaches
  11 hobgoblins
  4 jackals (D:2)
  5 kobolds
  2 ball pythons
  6 frilled lizards
  11 goblins
  8 rats
73 creatures vanquished.

Notes
Turn   | Place    | Note
-------+----------+-------------------------------------------
     0 | D:1      | Salad the Demigod Fighter began the quest for the Orb.
     0 | D:1      | Reached XP level 1. HP: 18/18 MP: 3/3
   198 | D:1      | Reached skill level 3 in Fighting
   198 | D:1      | Reached XP level 2. HP: 26/26 MP: 4/4
   747 | D:2      | Noticed Terence
   766 | D:2      | Killed Terence
   766 | D:2      | Reached skill level 4 in Fighting
   766 | D:2      | Reached XP level 3. HP: 10/33 MP: 5/5
  1146 | D:2      | Reached XP level 4. HP: 41/41 MP: 6/6
  1378 | D:2      | Found a bloodstained altar of Trog.
  1754 | D:2      | Gained mutation: You are partially covered in yellow scales. (AC +2) [potion of mutation]
  1754 | D:2      | Gained mutation: Your spells are a little harder to cast, but a little more powerful. [potion of mutation]
  1754 | D:2      | Gained mutation: You are surrounded by a mild repulsion field. (EV +2) [potion of mutation]
  2618 | D:3      | Reached skill level 5 in Fighting
  2645 | D:3      | Found a sparkling altar of Nemelex Xobeh.
  2830 | D:3      | Reached XP level 5. HP: 48/48 MP: 7/7
  3209 | D:4      | Noticed appiemonkey's ghost (novice DEFE)
  3216 | D:4      | Incinerated by appiemonkey's ghost

Skill      XL: |  1  2  3  4 |
---------------+-------------+-----
Long Blades    | 2 |  2.0
Fighting       | 3 4 5 |  5.6
Armour         | |  2.8
Shields        | |  2.8

Action                   |  1- 3 |  4- 6 || total
-------------------------+-------+-------++-------
Melee: Long sword        |    96 |       ||    96
       Hand axe          |    17 |    80 ||    97
  Use: Potion            |       |     5 ||     5
       Scroll            |       |    10 ||    10
  Eat: Bread ration      |     1 |       ||     1
       Chunk             |       |     3 ||     3
Armor: Scale mail        |    49 |    44 ||    93
Dodge: Dodged            |    22 |    23 ||    45
Block: Shield            |    74 |    35 ||   109
       Rpst.: Long sword |     9 |       ||     9
